 Dungeon Crawl Stone Soup version 0.26.1-11-gd32895ea62 (webtiles) character file.

Game seed: 302922176017533083

23683 Almogavar the Protected (level 13, -6/103 HPs)
             Began as a Gnoll Wanderer on May 11, 2021.
             Was an Elder of Okawaru.
             Killed by divine providence
             ... invoked by an orc priest
              (9 damage)
             ... on level 2 of the Orcish Mines.
             The game lasted 00:59:09 (22178 turns).

Almogavar the Protected (Gnoll Wanderer)           Turns: 22178, Time: 00:59:10

Health: -6/103     AC: 16    Str: 18    XL:     13   Next: 8%
Magic:  0/24       EV: 15    Int: 19    God:    Okawaru [****..]
Gold:   1504       SH:  0    Dex: 18    Spells: 27/27 levels left

rFire    + . .     SeeInvis .   T - +12 bardiche of Sekyczuk {vorpal, rElec Int+2 Dex+4}
rCold    . . .     Faith    .   (shield currently unavailable)
rNeg     . . .     Spirit   +   B - +1 scale mail {rPois}
rPois    +         Reflect  .   l - +0 helmet
rElec    +         Harm     .   H - +0 cloak
rCorr    .         Rampage  .   L - +0 pair of gloves
Will     .....                  x - +0 pair of boots
Stlth    +++.......             I - amulet of guardian spirit
HPRegen  0.27/turn              i - ring of protection from fire
MPRegen  0.19/turn              (no ring)

@: no status effects
A: distributed training, fangs 1, strong nose
a: Renounce Religion, Heroism


You were on level 2 of the Orcish Mines.
You worshipped Okawaru.
Okawaru was greatly pleased with you.
You visited 3 branches of the dungeon, and saw 15 of its levels.
You also visited: Bailey.

You collected 1504 gold pieces.

Inventory:

Hand Weapons
 a - a +3 hand crossbow
 h - a +0 long sword of holy wrath
 E - a +3 scimitar of flaming
 G - a +4 dagger of chaos
 T - the +12 bardiche of Sekyczuk (weapon) {vorpal, rElec Int+2 Dex+4}
   (You found it in a bailey)

   It inflicts extra damage upon your enemies.
   It affects your intelligence (+2).
   It affects your dexterity (+4).
   It insulates you from electricity.
 U - a +3 executioner's axe of electrocution
Missiles
 b - 75 bolts
 J - 23 javelins (quivered)
Armour
 l - a +0 helmet (worn)
 o - a +0 chain mail
 x - a +0 pair of boots (worn)
 y - a +0 buckler
 B - a +1 scale mail of poison resistance (worn)
 H - a +0 cloak (worn)
 L - a +0 pair of gloves (worn)
 N - a +0 chain mail of cold resistance
 Q - a +1 plate armour of poison resistance
Jewellery
 i - a ring of protection from fire (left hand)
 I - an amulet of guardian spirit (around neck)
Wands
 m - a wand of iceblast (6)
 s - a wand of paralysis (6)
 w - a wand of flame (33)
 F - a wand of acid (11)
Scrolls
 e - 2 scrolls of holy word
 f - 9 scrolls of teleportation
 g - a scroll of magic mapping
 p - 4 scrolls of enchant weapon
 r - 3 scrolls of fog
 t - 2 scrolls of amnesia {unknown}
 v - 2 scrolls of noise {unknown}
 z - 4 scrolls of remove curse
 D - a scroll of vulnerability {unknown}
 P - a scroll of brand weapon {unknown}
Potions
 c - 2 potions of curing
 d - 2 potions of magic
 j - 3 potions of flight
 k - 2 potions of brilliance
 n - 4 potions of haste
 q - 6 potions of might {unknown}
 u - a potion of lignification
 A - a potion of ambrosia {unknown}
 C - 6 potions of cancellation {unknown}
 K - 2 potions of heal wounds
 M - a potion of degeneration {unknown}
 O - 2 potions of berserk rage {unknown}
 R - a potion of invisibility {unknown}
 S - a potion of experience {unknown}


   Skills:
 + Level 10.2 Fighting
 + Level 7.9 Short Blades
 + Level 7.9 Long Blades
 + Level 7.9 Axes
 + Level 7.9 Maces & Flails
 + Level 7.9 Polearms
 + Level 7.9 Staves
 + Level 7.9 Slings
 + Level 7.9 Bows
 + Level 8.4 Crossbows
 + Level 7.9 Throwing
 + Level 11.4 Armour
 + Level 7.9 Dodging
 + Level 8.3 Stealth
 + Level 7.9 Shields
 + Level 7.9 Unarmed Combat
 + Level 7.9 Spellcasting
 + Level 6.6 Conjurations
 + Level 6.6 Hexes
 + Level 6.6 Summonings
 + Level 6.6 Necromancy
 + Level 6.6 Translocations
 + Level 6.6 Transmutations
 + Level 6.6 Fire Magic
 + Level 6.6 Ice Magic
 + Level 6.6 Air Magic
 + Level 6.6 Earth Magic
 + Level 6.6 Poison Magic
 + Level 8.7 Invocations
 + Level 8.4 Evocations


You had 27 spell levels left.
You didn't know any spells.
Your spell library was empty.

Dungeon Overview and Level Annotations

Branches:
Dungeon (12/15)            Temple (1/1) D:7            Lair (0/6) D:9
    Orc (2/2) D:12            Elf (0/3) Orc:2        Bailey (visited)

Altars:
Ashenzari
Cheibriados
Dithmenos
Elyvilon
Fedhas
Gozag
Hepliaklqana
Kikubaaqudgha
Makhleb
Nemelex Xobeh
Okawaru
Qazlal
Ru
Sif Muna
Trog
Uskayaw
Vehumet
Wu Jian
Xom
Yredelemnul
Zin
The Shining One

Shops:
D:4 [   Orc:1 :


Innate Abilities, Weirdness & Mutations

Your experience applies equally to all skills.
You have very sharp teeth.
Your uncanny sense of smell can sniff out nearby items.


Message History

Beogh smites you!
The orc knight roars a battlecry!
An orc comes into view. It is wielding a +0 hand axe.
The orc warrior hits you from afar with a +2 vampiric trident!!
An orc knight comes into view. It is wielding a +0 great sword.
The orc priest closely misses you.
The ynoxinul gestures.
Things that are here:
a +0 club; a cursed +0 leather armour The orc warrior hits you from afar with a +2 vampiric trident!!
* * * LOW HITPOINT WARNING * * *
The hellwing swoops through the air toward you!
The hellwing hits you.
* * * LOW HITPOINT WARNING * * *
The hellwing hits you!
* * * LOW HITPOINT WARNING * * *
An orc comes into view. It is wielding a -3 club.
The orc priest invokes the aid of Beogh against you.
Beogh smites you!
You die...

...## .#.# ....#o..#.... .###
#.5...o.....# ### # ###
#3..#o..#...# ##.## ###.##
#o5oo..o..# #...# .#...###
#..#oo.#..# ##.## .......###
#.oo4oo.# #...#
.........#######.o)#######..##
.........#.....o@oo).....#..##
.........#.......4.).....#...#
.............................#
......#......................#
.###.........................#
###..........................#
##.........................#
##........................#
##........................#


You could see 2 orc knights, a hellwing (summoned), an ice devil (summoned), a
ynoxinul (summoned), 2 orc warriors, 5 orc priests, 8 orcs and 2 ufetubi.

Vanquished Creatures
  2 hydras
  3 two-headed ogres
  Erica (D:10)
  An orc high priest (Orc:1)
  2 deep elf magi (D:12)
  A manticore (D:11)
  2 orc knights
  4 orc sorcerers
  2 cyclopes
  Maurice (D:9)
  Joseph (D:8)
  Psyche (D:9)
  A centaur skeleton (D:11)
  3 trolls
  A meliai zombie (D:10)
  Sigmund (D:4)
  13 yaks
  A steam dragon (D:10)
  Menkaure (D:5)
  2 wargs
  2 soldier ants
  2 water moccasins
  33 orc warriors
  A hornet zombie (D:7)
  3 phantoms
  A necrophage (D:10)
  5 ogres
  17 centaurs
  A big kobold (D:7)
  8 bullfrogs
  A gnoll sergeant (D:9)
  A wyvern skeleton (D:7)
  5 scorpions
  25 killer bees
  A water moccasin skeleton (D:12)
  3 wights (D:10)
  3 howler monkeys
  A quasit (D:11)
  6 hounds
  4 jellies
  13 orc priests
  16 orc wizards
  A bullfrog skeleton (D:5)
  4 iguanas
  6 worker ants
  A killer bee zombie (D:8)
  2 worker ant zombies
  13 gnolls
  11 adders
  3 shadow imps
  2 ufetubi
  An adder skeleton (D:7)
  2 adder zombies
  4 worms
  2 leopard geckos
  83 orcs
  3 ball pythons
  4 bats
  A giant cockroach (D:2)
  9 goblins
  6 hobgoblins
  7 jackals
  9 kobolds
  6 quokkas
  2 frilled lizards
  A jackal skeleton (D:5)
  5 rats
384 creatures vanquished.

Vanquished Creatures (collateral kills)
  An orc warrior (Orc:1)
  An orc priest (Orc:1)
  2 orcs (Orc:1)
4 creatures vanquished.

Vanquished Creatures (others)
  9 fungi (D:9)
  10 plants (D:9)
19 creatures vanquished.

Grand Total: 407 creatures vanquished

Notes
Turn   | Place    | Note
-------+----------+-------------------------------------------
     0 | D:1      | Almogavar the Gnoll Wanderer began the quest for the Orb.
     0 | D:1      | Almogavar set off with the following items: a +2 hand
                  | crossbow, 29 bolts, a potion of curing, a +0 ring mail
     0 | D:1      | Reached XP level 1. HP: 23/23 MP: 1/1
   192 | D:1      | Reached XP level 2. HP: 29/29 MP: 2/2
   561 | D:2      | Found a blossoming altar of Fedhas.
   612 | D:2      | Reached XP level 3. HP: 35/35 MP: 3/3
   649 | D:2      | Reached skill level 1 in Invocations
   692 | D:2      | Reached skill level 1 in Short Blades
   692 | D:2      | Reached skill level 1 in Long Blades
   692 | D:2      | Reached skill level 1 in Axes
   692 | D:2      | Reached skill level 1 in Maces & Flails
   692 | D:2      | Reached skill level 1 in Polearms
   692 | D:2      | Reached skill level 1 in Staves
   692 | D:2      | Reached skill level 1 in Slings
   692 | D:2      | Reached skill level 1 in Bows
   692 | D:2      | Reached skill level 1 in Throwing
   692 | D:2      | Reached skill level 1 in Dodging
   692 | D:2      | Reached skill level 1 in Shields
   692 | D:2      | Reached skill level 1 in Unarmed Combat
   692 | D:2      | Reached skill level 1 in Spellcasting
   692 | D:2      | Reached XP level 4. HP: 39/41 MP: 5/5
   696 | D:2      | Reached skill level 1 in Conjurations
   696 | D:2      | Reached skill level 1 in Hexes
   696 | D:2      | Reached skill level 1 in Summonings
   696 | D:2      | Reached skill level 1 in Necromancy
   696 | D:2      | Reached skill level 1 in Translocations
   696 | D:2      | Reached skill level 1 in Transmutations
   696 | D:2      | Reached skill level 1 in Fire Magic
   696 | D:2      | Reached skill level 1 in Ice Magic
   696 | D:2      | Reached skill level 1 in Air Magic
   696 | D:2      | Reached skill level 1 in Earth Magic
   696 | D:2      | Reached skill level 1 in Poison Magic
  1422 | D:2      | Found an ornate altar of the Wu Jian Council.
  1555 | D:3      | Reached XP level 5. HP: 43/47 MP: 5/7
  2235 | D:3      | Found a faded altar of an unknown god.
  2389 | D:4      | Found Yfioliun's Armour Shoppe.
  2395 | D:4      | Noticed Sigmund
  2643 | D:4      | Reached XP level 6. HP: 53/53 MP: 8/8
  2843 | D:4      | Killed Sigmund
  2844 | D:4      | Reached XP level 7. HP: 37/60 MP: 10/10
  3419 | D:4      | Reached skill level 9 in Armour
  4532 | D:5      | Entered Level 5 of the Dungeon
  4829 | D:5      | Reached XP level 8. HP: 52/67 MP: 12/12
  5415 | D:5      | Noticed Menkaure
  5482 | D:5      | Killed Menkaure
  6345 | D:7      | Found a staircase to the Ecumenical Temple.
  6425 | Temple   | Entered the Ecumenical Temple
  6542 | Temple   | Became a worshipper of Warmaster Okawaru
  6674 | D:7      | Reached XP level 9. HP: 50/72 MP: 14/14
  7309 | D:7      | HP: 3/74 [poisoned by a killer bee]
  7316 | D:7      | HP: 3/74 [poisoned by a killer bee]
  7324 | D:7      | HP: 3/74 [poisoned by a killer bee]
  7377 | D:7      | Reached * piety under Okawaru
  7766 | D:7      | Reached skill level 5 in Crossbows
  7766 | D:7      | Reached skill level 5 in Evocations
  8118 | D:7      | Reached skill level 5 in Stealth
  9531 | D:8      | Reached skill level 5 in Invocations
 10164 | D:8      | Noticed Joseph
 10206 | D:8      | Killed Joseph
 10206 | D:8      | Reached ** piety under Okawaru
 10207 | D:8      | Reached XP level 10. HP: 43/80 MP: 17/17
 10451 | D:8      | Reached skill level 5 in Short Blades
 10451 | D:8      | Reached skill level 5 in Long Blades
 10451 | D:8      | Reached skill level 5 in Axes
 10451 | D:8      | Reached skill level 5 in Maces & Flails
 10451 | D:8      | Reached skill level 5 in Polearms
 10451 | D:8      | Reached skill level 5 in Staves
 10451 | D:8      | Reached skill level 5 in Slings
 10451 | D:8      | Reached skill level 5 in Bows
 10451 | D:8      | Reached skill level 5 in Throwing
 10451 | D:8      | Reached skill level 5 in Dodging
 10451 | D:8      | Reached skill level 5 in Shields
 10451 | D:8      | Reached skill level 5 in Unarmed Combat
 10451 | D:8      | Reached skill level 5 in Spellcasting
 11067 | D:9      | Noticed a two-headed ogre
 11081 | D:9      | Killed a two-headed ogre
 11082 | D:9      | Reached skill level 10 in Armour
 11349 | D:9      | Reached *** piety under Okawaru
 11698 | D:9      | Noticed Psyche
 11706 | D:9      | Killed Psyche
 12357 | D:9      | Noticed Maurice
 12608 | D:9      | Found a staircase to the Lair.
 12611 | D:9      | Received a gift from Okawaru
 12892 | D:9      | Killed Maurice
 13192 | D:10     | Entered Level 10 of the Dungeon
 13207 | D:9      | Reached XP level 11. HP: 65/87 MP: 19/19
 13819 | D:10     | Found an opulent altar of Gozag.
 13836 | D:10     | Noticed Erica
 13860 | D:10     | Reached skill level 5 in Conjurations
 13860 | D:10     | Reached skill level 5 in Hexes
 13860 | D:10     | Reached skill level 5 in Summonings
 13860 | D:10     | Reached skill level 5 in Necromancy
 13860 | D:10     | Reached skill level 5 in Translocations
 13860 | D:10     | Reached skill level 5 in Transmutations
 13860 | D:10     | Reached skill level 5 in Fire Magic
 13860 | D:10     | Reached skill level 5 in Ice Magic
 13860 | D:10     | Reached skill level 5 in Air Magic
 13860 | D:10     | Reached skill level 5 in Earth Magic
 13860 | D:10     | Reached skill level 5 in Poison Magic
 14034 | D:10     | Killed Erica
 14034 | D:10     | Reached **** piety under Okawaru
 14398 | D:10     | Noticed a six-headed hydra
 14406 | D:10     | Received a gift from Okawaru
 14408 | D:10     | Killed a six-headed hydra
 14590 | D:10     | Received a gift from Okawaru
 14662 | D:10     | Noticed a two-headed ogre
 15987 | D:11     | Found a sparkling altar of Nemelex Xobeh.
 16348 | D:11     | Noticed a manticore
 16363 | D:11     | Killed a manticore
 16590 | D:11     | Found a sacrificial altar of Ru.
 16836 | D:12     | Noticed a seven-headed hydra
 16844 | D:12     | Killed a seven-headed hydra
 16927 | D:12     | Reached ***** piety under Okawaru
 17118 | D:12     | Found a basalt altar of Yredelemnul.
 17148 | D:12     | Noticed a two-headed ogre
 17159 | D:12     | Killed a two-headed ogre
 17160 | D:12     | Reached XP level 12. HP: 96/96 MP: 22/22
 17533 | D:12     | Received a gift from Okawaru
 17953 | D:12     | Found a staircase to the Orcish Mines.
 18168 | D:12     | Reached skill level 11 in Armour
 18476 | Orc:1    | Entered Level 1 of the Orcish Mines
 18540 | Orc:1    | Found a flagged portal.
 18550 | Bailey   | Entered a bailey
 19106 | Bailey   | Got a bloodstained bardiche
 20263 | D:12     | Reached skill level 10 in Fighting
 20348 | D:12     | Identified the +12 bardiche of Sekyczuk {vorpal, rElec
                  | Int+2 Dex+4} (You found it in a bailey)
 20795 | Orc:1    | Noticed an orc high priest
 20809 | Orc:1    | Killed an orc high priest
 21256 | Orc:1    | Noticed a two-headed ogre
 21267 | Orc:1    | Killed a two-headed ogre
 21378 | Orc:1    | Found Ecuh's Book Emporium.
 21406 | Orc:1    | Paralysed by an orc sorcerer for 3 turns
 21411 | Orc:1    | Received a gift from Okawaru
 21412 | Orc:1    | Reached XP level 13. HP: 76/102 MP: 16/24
 21724 | Orc:2    | Entered Level 2 of the Orcish Mines
 21954 | Orc:2    | Found a staircase to the Elven Halls.
 21973 | Orc:2    | Paralysed by an orc sorcerer for 2 turns
 22178 | Orc:2    | HP: 3/103 [hellwing[an orc high priest] (5)]
 22178 | Orc:2    | Killed from afar by an orc priest

Illustrated notes

Levels and vault maps discovered:
D:1:      lordsloth_arrival_two_stooges, layout_loops_ring
D:2:      layout_loops_ring, nicolae_overflow_hidden_temple, kennysheep_nub,
          dk_noncrumbling_2, fedhas_altar_4
D:3:      layout_loops_ring, chequers_ecumenical_altar_lobes,
          kennysheep_generic_room_3
D:4:      layout_layer_cave, serial_shops, shop, uniq_sigmund
D:5:      layout_loops_corners, uniq_menkaure
D:6:      layout_rooms, eino_tiny_chamber
D:7:      layout_loops_cross, minmay_temple_entry_stoned_glass
D:8:      layout_basic, uniq_joseph
D:9:      layout_basic, grunt_lair_entry_orc_guard_hut, uniq_psyche,
          uniq_maurice
D:10:     layout_roguey, nicolae_gozag_cash_rules_everything_around_me,
          uniq_erica
D:11:     layout_cave_pools, basic_altar, serial_glass, glass_columns_a,
          glass_columns_a, st_stairs_1, lemuel_altar_in_water
D:12:     layout_loops_cross, david_orc_4, basic_altar, billiards_dpeg
Temple:   compressed_dpeg_circular_temple
Orc:1:    layout_caves, serial_shops, shop, enter_bailey_3
Orc:2:    st_orc_pillars, layout_diamond_mine

Skill      XL: |  1  2  3  4  5  6  7  8  9 10 11 12 |
---------------+-------------------------------------+-----
Invocations    | 1 2 3 4 5 6 7 8 |  8.7
Short Blades   | 1 2 3 4 5 6 7 |  7.9
Long Blades    | 1 2 3 4 5 6 7 |  7.9
Axes           | 1 2 3 4 5 6 7 |  7.9
Maces & Flails | 1 2 3 4 5 6 7 |  7.9
Polearms       | 1 2 3 4 5 6 7 |  7.9
Staves         | 1 2 3 4 5 6 7 |  7.9
Slings         | 1 2 3 4 5 6 7 |  7.9
Bows           | 1 2 3 4 5 6 7 |  7.9
Throwing       | 1 2 3 4 5 6 7 |  7.9
Dodging        | 1 2 3 4 5 6 7 |  7.9
Shields        | 1 2 3 4 5 6 7 |  7.9
Unarmed Combat | 1 2 3 4 5 6 7 |  7.9
Spellcasting   | 1 2 3 4 5 6 7 |  7.9
Conjurations   | 1 2 3 4 5 6 |  6.6
Hexes          | 1 2 3 4 5 6 |  6.6
Summonings     | 1 2 3 4 5 6 |  6.6
Necromancy     | 1 2 3 4 5 6 |  6.6
Translocations | 1 2 3 4 5 6 |  6.6
Transmutations | 1 2 3 4 5 6 |  6.6
Fire Magic     | 1 2 3 4 5 6 |  6.6
Ice Magic      | 1 2 3 4 5 6 |  6.6
Air Magic      | 1 2 3 4 5 6 |  6.6
Earth Magic    | 1 2 3 4 5 6 |  6.6
Poison Magic   | 1 2 3 4 5 6 |  6.6
Crossbows      | 3 4 5 6 7 8 |  8.4
Evocations     | 3 4 5 6 7 8 |  8.4
Stealth        | 3 4 5 6 7 8 |  8.3
Fighting       | 7 8 9 10 | 10.2
Armour         | 9 10 11 | 11.4

Action                   |  1- 3 |  4- 6 |  7- 9 | 10-12 | 13-15 || total
-------------------------+-------+-------+-------+-------+-------++-------
Melee: Short sword       |    18 |    21 |   129 |       |       ||   168
       Bite              |     2 |     4 |    39 |    97 |     1 ||   143
       Punch             |       |       |     8 |     5 |       ||    13
       Dagger            |       |       |   215 |   581 |       ||   796
       Bardiche          |       |       |       |    63 |    19 ||    82
 Fire: Hand crossbow     |    20 |    95 |   169 |   511 |    37 ||   832
Invok: Heroism           |       |       |     3 |    14 |       ||    17
       Finesse           |       |       |       |     1 |       ||     1
Evoke: Wand              |       |       |       |     5 |       ||     5
  Use: Scroll            |     1 |     3 |     8 |     7 |       ||    19
       Potion            |       |       |     1 |       |       ||     1
 Stab: Sleeping          |       |       |     2 |     5 |       ||     7
       Paralysed         |       |       |       |     5 |       ||     5
       Petrifying        |       |       |       |     3 |       ||     3
       Confused          |       |       |       |     1 |       ||     1
Armor: Ring mail         |    18 |    12 |    13 |       |       ||    43
       Leather armour    |       |       |   126 |    36 |       ||   162
       Scale mail        |       |       |       |   153 |     8 ||   161
Dodge: Dodged            |    14 |    22 |   337 |   366 |    28 ||   767
Block: Buckler           |       |       |       |   101 |       ||   101
